 Dungeon Crawl Stone Soup version 0.21.1-1-g345015f (webtiles) character file.

13389 keltmir the Thaumaturge (level 11, -1/64 HPs)
             Began as a Deep Elf Summoner on Apr 2, 2018.
             Was an Elder of Sif Muna.
             Slain by a freezing wraith (4 damage)
             ... in an ice cave.
             The game lasted 01:42:04 (18121 turns).

keltmir the Thaumaturge (Deep Elf Summoner)        Turns: 18121, Time: 01:42:05

Health: -1/64      AC:  7    Str: 13    XL:     11   Next: 74%
Magic:  1/39       EV: 18    Int: 24    God:    Sif Muna [****..]
Gold:   854        SH:  3    Dex: 15    Spells: 20/36 levels left

rFire    x . .     SeeInvis .   J - +3 halberd
rCold    . . .     Gourm    .   (shield currently unavailable)
rNeg     . . .     Faith    .   s - +2 leather armour of Dext {rF- Regen+ rCorr Str+8}
rPois    .         Spirit   .   p - +1 helmet
rElec    .         Reflect  +   t - scarf {cloud immunity}
rCorr    +         Harm     .   (no gloves)
MR       ++...                  (no boots)
Stlth    +++.......             U - +3 amulet of reflection
HPRegen  0.60/turn              w - ring of magical power
MPRegen  0.26/turn              S - ring of protection from magic

@: slowed, divine energy, very slow
A: no striking features
a: Stop Divine Energy, Channel Magic, Forget Spell, Renounce Religion


You were in an ice cave.
You worshipped Sif Muna.
Sif Muna was greatly pleased with you.
You were very hungry.

You visited 3 branches of the dungeon, and saw 16 of its levels.
You also visited: Labyrinth, Bailey and Ice Cave.

You collected 854 gold pieces.

Inventory:

Hand Weapons
 x - the +5 short sword of the Badger {vamp, Int+2}
   (You took it off a minotaur in a labyrinth)

   It inflicts no extra harm, but heals its wielder when it wounds a living foe.
   It affects your intelligence (+2).
 y - a +0 short sword of protection
 J - a +3 halberd (weapon)
 N - a +2 dagger of speed
Missiles
 K - 7 curare-tipped needles
Armour
 a - a cursed +0 scale mail
 p - a +1 helmet (worn)
 s - the +2 leather armour of Dext (worn) {rF- Regen+ rCorr Str+8}
   (You found it on level 5 of the Dungeon)

   It affects your strength (+8).
   It makes you vulnerable to fire.
   It increases your rate of regeneration.
   It protects you from acid and corrosion.
 t - a scarf of cloud immunity (worn)
 C - a +0 robe of fire resistance
Jewellery
 f - an uncursed amulet of rage
 i - an uncursed ring of stealth
 w - a ring of magical power (left hand)
 S - a ring of protection from magic (right hand)
 T - an uncursed ring of stealth
 U - a +3 amulet of reflection (around neck)
 W - an uncursed amulet of regeneration
 X - an uncursed ring of see invisible
Wands
 z - a wand of digging (11)
 B - a wand of paralysis (16)
 E - a wand of clouds (11)
 H - a wand of random effects (53)
 P - a wand of flame (43)
 R - a wand of acid (7)
Scrolls
 d - 7 scrolls of remove curse
 e - 3 scrolls of immolation
 h - 15 scrolls of teleportation
 r - a scroll of fear
 A - a scroll of brand weapon {unknown}
 F - a scroll of fog
 G - a scroll of acquirement {unknown}
 I - a scroll of blinking
 M - a scroll of enchant weapon {unknown}
 O - a scroll of silence {unknown}
 V - 2 scrolls of magic mapping
Potions
 b - a potion of cancellation
 g - 3 potions of mutation
 j - 2 potions of curing
 k - 3 potions of heal wounds
 l - a potion of ambrosia {unknown}
 m - a potion of invisibility {unknown}
 n - a potion of flight {unknown}
 o - 2 potions of brilliance
 q - 5 potions of might
 u - a potion of resistance
 v - 8 potions of agility
 L - a potion of experience {unknown}
 Q - a potion of haste {unknown}
 Y - 2 potions of lignification {unknown}
Books
 D - a book of Frost

   Spells                             Type                      Level
   a - Freeze                         Ice                          1
   b - Throw Frost                    Conjuration/Ice              2
   c - Ozocubu's Armour               Charms/Ice                   3
   d - Throw Icicle                   Conjuration/Ice              4
   e - Summon Ice Beast               Ice/Summoning                4
Comestibles
 c - 18 rations


   Skills:
 + Level 5.3 Fighting
 - Level 3.9 Short Blades
 + Level 9.5 Dodging
 + Level 4.7 Stealth
 * Level 13.2 Spellcasting
 + Level 12.5 Summonings
 - Level 1.4 Ice Magic
 - Level 2.6 Air Magic


You had 20 spell levels left.
You knew the following spells:

 Your Spells              Type           Power        Failure   Level  Hunger
a - Apportation           Tloc           ###...       4%          1    None
b - Call Imp              Summ           ######..     1%          2    None
c - Call Canine Familiar  Summ           ######..     1%          3    None
d - Summon Lightning Spi  Summ/Air       ######..     2%          4    None
e - Summon Ice Beast      Ice/Summ       #####...     2%          4    None
f - Throw Frost           Conj/Ice       ###...       5%          2    None


Dungeon Overview and Level Annotations

Branches:
Dungeon (12/15)            Temple (1/1) D:6            Lair (3/6) D:11
    Orc (0/2) D:9
  Swamp: Lair:2-4    Shoals: Lair:2-4     Snake: Lair:2-4    Spider: Lair:2-4

Altars:
Ashenzari
Cheibriados
Dithmenos
Elyvilon
Fedhas
Gozag
Hepliaklqana
Kikubaaqudgha
Makhleb
Nemelex Xobeh
Okawaru
Qazlal
Ru
Sif Muna
Trog
Uskayaw
Vehumet
Wu Jian
Xom
Yredelemnul
Zin
The Shining One

Shops:
D:6 :

Annotations:
D:9 2 transporters


Message History

Really fire in your lightning spire's direction?
The puff of flame hits the freezing wraith.
The freezing wraith is burned terribly!
The freezing wraith is severely damaged.
The freezing wraith closely misses you. The freezing wraith hits you.
The freezing wraith drains your vigour!
You feel yourself slow down.
Evoke which item? (* to show all) (? for menu, Esc to quit)
Aiming: Throw Flame
Press: ? - help, Shift-Dir - straight line, f/p - freezing wraith
Aim: a freezing wraith (severely damaged) Really fire in your lightning spire's direction?
The puff of flame misses the freezing wraith.
The puff of flame hits your lightning spire.
Your lightning spire completely resists.
You regain access to your magic.
Your ice beast hits the freezing wraith but does no damage.
The freezing wraith hits you! The freezing wraith freezes you!!
* * * LOW HITPOINT WARNING * * *
The freezing wraith hits you.
You die...

#..## ##..## ##..#
####..##
##.#....#.##
##..........#
##............#
####Y............#
##..W8W@.........##
.##
##....###........##
...# #...###
###...#### ....#
#..## ##### #...#
#...# #...###..##
#...###..##
#...###W.##
#.......#


You could see 2 freezing wraiths, a friendly ice beast and a friendly lightning
spire.

Vanquished Creatures
  A spiny frog (Lair:1)
  A gargoyle (D:10)
  A hippogriff (Lair:2)
  Duvessa (D:6)
  A porcupine (Lair:1)
  2 ice beasts (IceCv)
  A hornet zombie (D:12)
  2 centaurs
  2 ogres
  2 crocodiles
  A big kobold (D:10)
  4 bullfrogs
  An elephant simulacrum (IceCv)
  A wight (D:8)
  A bullfrog zombie (D:8)
  2 crimson imps
  An orc wizard (D:4)
  An iguana (D:11)
  2 worker ants
  A killer bee zombie (D:5)
  An adder (D:4)
  A worm (D:3)
  A dart slug (D:2)
  2 leopard geckos
  10 orcs
  A giant cockroach (D:3)
  A goblin (D:2)
  2 hobgoblins (Bailey)
  A quokka (D:5)
  2 frilled lizards
  7 kobolds (Bailey)
  A leopard gecko skeleton (D:7)
  A quokka zombie (D:7)
  2 rats
  A plant (Lair:2)
63 creatures vanquished.

Vanquished Creatures (collateral kills)
  An orc warlord (Bailey)
  Josephine (D:11)
  A minotaur (Lab)
  A great orb of eyes (D:12)
  A hydra (Lair:1)
  3 two-headed ogres
  Erica (Lair:2)
  Nergalle (Lair:2)
  Pikel (D:6)
  2 oklob plants (Lair:1)
  The ghost of Kairos the Chopper, a novice HuFi (D:4)
  An ugly thing (D:11)
  A cyclops (D:12)
  Joseph (D:7)
  2 spiny frogs (Lair:3)
  A rime drake (Lair:1)
  A komodo dragon (Lair:3)
  A troll (D:11)
  A wolf spider simulacrum (IceCv)
  Prince Ribbit (D:6)
  2 hippogriffs (D:9)
  17 yaks
  3 wraiths (D:11)
  A hungry ghost (D:11)
  A steam dragon (D:11)
  3 water moccasins
  4 porcupines
  5 ice beasts
  A sky beast (D:9)
  4 slaves (D:6)
  6 orc warriors
  5 black bears
  A necrophage (D:12)
  7 ogres
  A phantom (D:8)
  The ghost of RipGuy the Shield-Bearer, an amateur MiFi (D:3)
  An eye of draining (D:12)
  3 crocodiles
  3 centaurs
  A big kobold (D:11)
  11 bullfrogs
  A wyvern zombie (D:11)
  Dowan (D:6)
  4 scorpions
  An elephant simulacrum (IceCv)
  9 wights
  5 howler monkeys
  2 crimson imps (D:6)
  4 jellies
  A quasit (D:10)
  6 hounds
  8 orc priests
  3 bullfrog skeletons
  4 orc wizards
  4 iguanas
  8 worker ants
  A wolf simulacrum (IceCv)
  A hound skeleton (D:4)
  2 howler monkey skeletons
  5 gnolls
  11 adders
  A shadow imp (D:12)
  5 white imps (IceCv)
  An adder zombie (D:8)
  An adder skeleton (D:4)
  A dart slug (D:2)
  3 leopard geckos
  32 orcs
  3 giant cockroaches
  7 hobgoblins
  5 quokkas
  A ball python skeleton (D:4)
  3 bats
  2 frilled lizards (D:1)
  7 goblins
  A jackal skeleton (D:6)
  21 kobolds
  A leopard gecko skeleton (D:4)
  6 rats
  A bush (D:4)
  3 fungi (D:11)
  4 plants
295 creatures vanquished.

Vanquished Creatures (others)
  34 fungi (D:11)
  19 plants (D:11)
53 creatures vanquished.

Grand Total: 411 creatures vanquished

Notes
Turn   | Place    | Note
-------+----------+-------------------------------------------
     0 | D:1      | keltmir the Deep Elf Summoner began the quest for the Orb.
     0 | D:1      | Reached XP level 1. HP: 10/10 MP: 6/6
  1024 | D:1      | Reached XP level 2. HP: 10/16 MP: 5/8
  1133 | D:1      | Learned a level 2 spell: Call Imp
  1986 | D:2      | Reached skill level 5 in Summonings
  2334 | D:3      | Reached XP level 3. HP: 15/20 MP: 8/10
  2339 | D:3      | Learned a level 3 spell: Call Canine Familiar
  2349 | D:3      | Noticed RipGuy's ghost (amateur MiFi)
  2499 | D:3      | Killed RipGuy's ghost
  2499 | D:3      | Reached skill level 1 in Fighting
  2499 | D:3      | Reached XP level 4. HP: 25/25 MP: 1/11
  2879 | D:3      | Reached skill level 4 in Spellcasting
  3174 | D:3      | Learned a level 4 spell: Summon Lightning Spire
  3227 | D:3      | Reached XP level 5. HP: 30/30 MP: 10/13
  3321 | D:4      | Noticed an ogre
  3321 | D:4      | Noticed a centaur
  3331 | D:4      | Noticed an ogre
  3663 | D:3      | HP: 1/30 [poisoned by a worker ant]
  3765 | D:3      | Killed a centaur
  3765 | D:3      | Reached skill level 1 in Air Magic
  4099 | D:4      | Killed an ogre
  4099 | D:4      | Reached XP level 6. HP: 35/35 MP: 0/15
  4167 | D:4      | Found an iron altar of Okawaru.
  4723 | D:4      | Reached skill level 5 in Spellcasting
  4807 | D:4      | Noticed Kairos's ghost (novice HuFi)
  5557 | D:5      | Entered Level 5 of the Dungeon
  5616 | D:5      | Found a glowing golden altar of the Shining One.
  5626 | D:5      | Got a transparent leather armour
  5637 | D:5      | Identified the +2 leather armour of Dext {rF- Regen+ rCorr Str+8} (You found it on level 5 of the Dungeon)
  5689 | D:5      | Reached XP level 7. HP: 29/40 MP: 13/17
  5705 | D:5      | Found an ornate altar of the Wu Jian Council.
  6734 | D:6      | Learned a level 4 spell: Summon Ice Beast
  6829 | D:6      | Noticed Prince Ribbit
  7144 | D:4      | Killed Kairos's ghost
  7144 | D:4      | Reached skill level 6 in Spellcasting
  7206 | D:6      | Found Usoerch's Book Boutique.
  7219 | D:6      | Reached XP level 8. HP: 46/46 MP: 10/19
  7410 | D:6      | Found a staircase to the Ecumenical Temple.
  7427 | Temple   | Entered the Ecumenical Temple
  7510 | Temple   | Became a worshipper of Sif Muna the Loreminder
  7518 | D:6      | Noticed Pikel
  7592 | D:6      | Killed Pikel
  7911 | D:6      | Reached skill level 7 in Spellcasting
  8130 | D:6      | Killed Prince Ribbit
  8162 | D:6      | Found a radiant altar of Vehumet.
  8273 | D:6      | Noticed Dowan
  8279 | D:6      | Noticed Duvessa
  8280 | D:6      | Killed Dowan
  8290 | D:6      | Killed Duvessa
  8569 | D:7      | Found a white marble altar of Elyvilon.
  8636 | D:7      | Reached skill level 5 in Dodging
  8709 | D:7      | Learned a level 2 spell: Throw Frost
  8863 | D:7      | Reached * piety under Sif Muna
  8889 | D:7      | Reached XP level 9. HP: 50/50 MP: 22/22
  8908 | D:7      | Noticed Joseph
  8933 | D:7      | Killed Joseph
  8933 | D:7      | Reached skill level 8 in Spellcasting
  8933 | D:7      | Reached skill level 10 in Summonings
  8933 | D:7      | Reached skill level 1 in Ice Magic
  8957 | D:7      | Learned a level 1 spell: Apportation
  9000 | D:7      | Found a stormy altar of Qazlal.
  9147 | D:7      | Found a snail-covered altar of Cheibriados.
  9147 | D:7      | Found a bloodstained altar of Trog.
 10147 | D:9      | Found a staircase to the Orcish Mines.
 10360 | D:9      | Found a transporter.
 10364 | D:9      | Noticed an eight-headed hydra
 10366 | D:9      | Noticed an ice dragon
 10368 | D:9      | Noticed a necromancer
 10370 | D:9      | Found a transporter.
 10382 | D:9      | Noticed a two-headed ogre
 10389 | D:9      | Found an ancient bone altar of Kikubaaqudgha.
 10401 | D:9      | Killed a two-headed ogre
 10401 | D:9      | Reached ** piety under Sif Muna
 10401 | D:9      | Reached skill level 1 in Short Blades
 10401 | D:9      | Reached skill level 9 in Spellcasting
 10834 | D:10     | Entered Level 10 of the Dungeon
 10871 | D:10     | Noticed a gargoyle
 10880 | D:10     | Killed a gargoyle
 10880 | D:10     | Reached XP level 10. HP: 56/56 MP: 20/25
 11109 | D:10     | Noticed a two-headed ogre
 11130 | D:10     | Killed a two-headed ogre
 11580 | D:11     | Noticed a cyan ugly thing
 11590 | D:11     | Killed a cyan ugly thing
 11590 | D:11     | Reached skill level 10 in Spellcasting
 11973 | D:11     | Noticed Josephine
 11985 | D:11     | Killed Josephine
 11985 | D:11     | Reached *** piety under Sif Muna
 12573 | D:11     | Reached skill level 11 in Spellcasting
 12622 | D:11     | Found a staircase to the Lair.
 13053 | D:12     | Found a flagged portal.
 13063 | Bailey   | Entered a bailey
 13083 | Bailey   | Noticed an orc warlord
 13334 | Bailey   | Found a runed gate.
 13352 | Bailey   | Found a runed gate.
 13353 | Bailey   | Found a runed gate.
 13514 | Bailey   | Killed an orc warlord
 13514 | Bailey   | Reached skill level 5 in Fighting
 13514 | Bailey   | Reached XP level 11. HP: 63/63 MP: 2/28
 13664 | D:12     | Noticed a two-headed ogre
 13684 | D:12     | Killed a two-headed ogre
 14438 | D:12     | Noticed a great orb of eyes
 14457 | D:12     | Killed a great orb of eyes
 14457 | D:12     | Reached **** piety under Sif Muna
 14457 | D:12     | Reached skill level 12 in Spellcasting
 14640 | Lair:1   | Entered Level 1 of the Lair of Beasts
 14679 | Lair:1   | Found a labyrinth entrance.
 14687 | Lab      | Entered a labyrinth
 14957 | Lab      | Noticed a minotaur
 14979 | Lab      | Killed a minotaur
 15006 | Lab      | Got an iridescent short sword {vamp}
 15020 | Lab      | Identified the +5 short sword of the Badger {vamp, Int+2} (You took it off a minotaur in a labyrinth)
 15544 | Lair:1   | Noticed a five-headed hydra
 15548 | Lair:1   | Killed a five-headed hydra
 15672 | Lair:1   | Noticed an oklob plant
 15676 | Lair:1   | Noticed an oklob plant
 15680 | Lair:1   | Killed an oklob plant
 15682 | Lair:1   | Killed an oklob plant
 16376 | Lair:2   | Noticed Nergalle
 16383 | Lair:2   | Killed Nergalle
 16484 | Lair:2   | Noticed Erica
 16494 | Lair:2   | Killed Erica
 16781 | Lair:2   | Reached skill level 13 in Spellcasting
 17728 | Lair:3   | Found a frozen archway.
 17835 | IceCv    | Entered an ice cave
 18121 | IceCv    | HP: 3/64 [freezing wraith (23)]
 18121 | IceCv    | Slain by a freezing wraith

Skill      XL: |  1  2  3  4  5  6  7  8  9 10 11 |
---------------+----------------------------------+-----
Summonings     | 5 6 7 8 9 11 12 | 12.5
Fighting       | 1 2 3 5 |  5.3
Spellcasting   | 4 5 6 7 9 11 13 | 13.2
Air Magic      | 1 2 |  2.6
Dodging        | 3 5 6 8 9 |  9.5
Ice Magic      | 1 |  1.4
Short Blades   | 2 3 |  3.9
Stealth        | 4 |  4.7

Action                   |  1- 3 |  4- 6 |  7- 9 | 10-12 || total
-------------------------+-------+-------+-------+-------++-------
Melee: Whip              |    30 |    54 |    45 |       ||   129
       Dagger            |     3 |       |       |       ||     3
       Halberd           |       |       |    91 |   155 ||   246
       Short sword       |       |       |     6 |    62 ||    68
 Cast: Summon Small Mamm |    35 |     1 |       |       ||    36
       Call Imp          |    18 |    55 |    17 |       ||    90
       Call Canine Famil |     5 |    26 |    25 |    46 ||   102
       Summon Lightning  |       |       |    34 |    57 ||    91
       Summon Ice Beast  |       |       |    16 |    64 ||    80
       Throw Frost       |       |       |     1 |    27 ||    28
Invok: Divine Energy     |       |       |       |     2 ||     2
       Stop Divine Energ |       |       |       |     1 ||     1
Evoke: Wand              |       |       |       |     4 ||     4
  Use: Scroll            |     4 |     4 |     7 |     8 ||    23
       Potion            |       |     1 |     1 |     2 ||     4
 Stab: Distracted        |     1 |     1 |     1 |     9 ||    12
       Sleeping          |     1 |       |     7 |     5 ||    13
  Eat: Chunk             |     5 |     9 |    20 |    17 ||    51
       Ration            |       |     1 |       |     3 ||     4
Armor: Ring mail         |    22 |    31 |       |       ||    53
       Robe              |     1 |       |       |       ||     1
       Leather armour    |       |     3 |    33 |    37 ||    73
Dodge: Dodged            |    31 |    50 |   117 |   173 ||   371
Block: Other             |       |       |       |     6 ||     6
